AoeStats
← Paarthurnaax

Highland

504064325Analyzed
4v4 RM · 29d ago on Sep 3, 2026· 54m 39s· 8 players
Game mode
Random Map
Map size
Large (8 player)
Population
200
Speed
Normal
Resources
Standard
Victory
Conquest
Starting age
Dark Age
Ending age
Imperial Age
RankedLock teamsTeams togetherTeam positionsShared explorationLock speedFull tech treeHidden civsTurbo modeCheats
Victory
Defeat
🇹🇷 Chinese · Türkiye
1075
+12
🇹🇼 Franks · Taiwan
1024
+14
🇹🇼 Hindustanis · Taiwan
1024
+14
🇺🇸 Wu · United States
969
+17
🇫🇷 Britons · France
1000
-15
🇫🇷 Vikings · France
996
-15
🇫🇷 Gurjaras · France
988
-14
🇫🇷 Magyars · France
959
-13
LilFunyuns
3:11 Loom
12:35 Feudal Age
20:25 Castle Age
24:46 Double-Bit Axe
25:55 Fletching
26:05 Padded Archer Armor
27:30 Wheelbarrow
27:05 Fishing Lines
28:20 Gillnets
29:33 Medium Warships
30:08 Gold Mining
30:08 Stone Mining
30:05 Horse Collar
30:41 Forging
34:47 Bow Saw
39:08 Imperial Age
37:17 Husbandry
37:29 Bloodlines
37:55 Town Watch
38:25 Hand Cart
40:35 Caravan
40:22 Heavy Hei Guang Cavalry
43:08 Red Cliffs Tactics
43:36 Scale Mail Armor
43:42 Scale Barding Armor
44:13 Iron Casting
44:49 Chain Mail Armor
44:49 Leather Archer Armor
44:29 Bodkin Arrow
46:12 Elite Skirmisher
51:34 Blast Furnace
51:04 Plate Mail Armor
52:21 Sitting Tiger
hello
9:36 Feudal Age
10:00 Feudal Age
10:37 Loom
14:07 Castle Age
12:26 Double-Bit Axe
13:23 Horse Collar
15:14 Bow Saw
15:53 Loom
17:38 Heavy Plow
18:42 Gold Mining
21:36 Wheelbarrow
23:30 Scale Barding Armor
25:26 Bloodlines
25:41 Forging
26:33 Chain Barding Armor
26:08 Town Watch
26:21 Stone Mining
27:21 Husbandry
27:59 Iron Casting
29:24 Caravan
32:07 Imperial Age
30:56 Hand Cart
32:00 Masonry
33:48 Chemistry
33:04 Grand Trunk Road
33:43 Fletching
33:53 Padded Archer Armor
34:18 Town Patrol
34:28 Shatagni
34:59 Leather Archer Armor
34:17 Heavy Camel Rider
36:43 Plate Barding Armor
36:30 Medium Warships
37:37 Blast Furnace
37:20 Ballistics
37:23 Imperial Camel Rider
39:02 Ring Archer Armor
40:14 Thumb Ring
41:54 Fletching
44:20 Bodkin Arrow
47:42 Scale Mail Armor
47:12 Siege Elephant
49:49 Coinage
Mesut Komser
0:43 Loom
12:20 Feudal Age
16:34 Castle Age
14:23 Double-Bit Axe
15:31 Horse Collar
19:46 Wheelbarrow
23:56 Stone Mining
25:55 Hand Cart
30:31 Imperial Age
28:03 Gold Mining
29:16 Town Watch
29:36 Squires
30:01 Ballistics
31:02 Fletching
32:16 Chemistry
32:14 Bodkin Arrow
32:20 Padded Archer Armor
32:38 Bow Saw
32:46 Caravan
33:14 Fortified Wall
33:30 Bracer
34:07 Heavy Plow
33:37 Elite Skirmisher
35:00 Leather Archer Armor
36:16 Two-Man Saw
36:56 Ring Archer Armor
36:51 Pikeman
37:40 Thumb Ring
37:44 Murder Holes
38:00 Masonry
39:24 Town Patrol
40:10 Architecture
40:06 Conscription
40:15 Forging
40:06 Scale Mail Armor
42:36 Halberdier
44:02 Iron Casting
43:42 Chain Mail Armor
43:32 Great Wall
44:07 Elite Chu Ko Nu
48:03 Blast Furnace
47:34 Plate Mail Armor
53:32 Arson
blueberry
0:50 Loom
13:36 Feudal Age
21:19 Castle Age
19:55 Wheelbarrow
30:57 Scale Barding Armor
31:03 Forging
35:47 Imperial Age
33:53 Wheelbarrow
33:04 Town Watch
33:26 Husbandry
33:53 Light Cavalry
36:39 Chain Barding Armor
36:55 Iron Casting
36:13 Cavalier
38:23 Double-Bit Axe
38:23 Paladin
40:18 Plate Barding Armor
40:40 Bow Saw
40:30 Stone Mining
40:30 Gold Mining
42:02 Blast Furnace
42:37 Gold Shaft Mining
43:24 Town Patrol
43:39 Hand Cart
43:56 Conscription
44:12 Hoardings
51:45 Chivalry
cΩuntΣr - Oups
0:28 Loom
12:17 Feudal Age
12:45 Double-Bit Axe
19:00 Castle Age
20:07 Bow Saw
20:25 Stone Mining
20:26 Gold Mining
33:01 Imperial Age
33:24 Caravan
33:32 Town Watch
33:58 Scale Mail Armor
35:49 Two-Man Saw
35:13 Conscription
35:03 Capped Ram
37:55 Town Patrol
38:50 Siege Ram
42:02 Murder Holes
42:18 Masonry
42:22 Cavalier
44:42 Treadmill Crane
45:39 Pikeman
46:19 Squires
46:04 Arson
46:53 Forging
46:58 Chain Mail Armor
Paarthurnaax
11:53 Feudal Age
12:29 Loom
12:34 Horse Collar
12:41 Double-Bit Axe
22:14 Castle Age
20:20 Gold Mining
20:21 Stone Mining
22:03 Bloodlines
23:16 Husbandry
24:02 Bow Saw
23:55 Fishing Lines
30:02 Imperial Age
29:02 Forging
29:53 Gillnets
31:11 Heavy Plow
31:57 Elite Shrivamsha Rider
33:49 Wheelbarrow
35:22 Iron Casting
35:36 Hand Cart
35:58 Kshatriyas
36:29 Fortified Wall
36:51 Scale Barding Armor
37:13 Heavy Camel Rider
41:12 Stone Shaft Mining
41:13 Gold Shaft Mining
41:29 Chain Barding Armor
41:59 Caravan
43:28 Masonry
44:28 Elite Elephant Archer
46:31 Fletching
47:51 Bodkin Arrow
49:30 Bracer
50:11 Plate Barding Armor
hugin
12:45 Feudal Age
11:01 Loom
13:46 Double-Bit Axe
13:43 Horse Collar
17:45 Castle Age
16:41 Gold Mining
16:41 Stone Mining
19:40 Bow Saw
19:59 Heavy Plow
24:23 Gold Shaft Mining
24:57 Wheelbarrow
27:56 Hand Cart
28:45 Scale Barding Armor
28:49 Husbandry
30:01 Chain Barding Armor
33:00 Imperial Age
30:47 Bloodlines
31:54 Caravan
32:49 Corvinian Army
34:03 Conscription
33:04 Cavalier
34:26 Plate Barding Armor
35:10 Paladin
36:48 Crop Rotation
37:24 Two-Man Saw
36:57 Elite Magyar Huszar
39:15 Fletching
Oryx
0:27 Loom
13:29 Feudal Age
13:56 Double-Bit Axe
13:43 Man-at-Arms
14:44 Horse Collar
20:38 Castle Age
20:36 Stone Mining
21:38 Bow Saw
24:01 Heavy Plow
27:44 Gold Mining
31:04 Gold Shaft Mining
31:26 Ballistics
31:51 Caravan
35:11 Imperial Age
34:31 Wheelbarrow
33:41 Town Watch
34:02 Murder Holes
34:17 Fortified Wall
33:51 Treadmill Crane
34:15 Padded Archer Armor
34:06 Fletching
35:19 Elite Longbowman
36:29 Conscription
36:42 Leather Archer Armor
37:53 Two-Man Saw
39:03 Chemistry
38:01 Bodkin Arrow
38:37 Ring Archer Armor
40:46 Yeomen
41:32 Hand Cart
44:34 Hoardings
47:01 Scale Barding Armor
47:07 Forging
48:07 Husbandry
47:27 Light Cavalry
48:58 Cavalier
Connection lost

Rejoining the realm…

Still unreachable

The connection could not be restored.

Session expired

The server has moved on; the page needs a fresh start.